 Dungeon Crawl Stone Soup version 0.31-a0-1074-g0b22e4e0f1 (webtiles) character file.

Game seed: 5939765527129738961

1063 horus123 the Digger (level 8, -4/60 HPs)
             Began as a Demonspawn Gladiator on Dec 7, 2023.
             Slain by a wraith (9 damage)
             ... in an ossuary.
             The game lasted 00:13:04 (3941 turns).

horus123 the Digger (Demonspawn Gladiator)          Turns: 3941, Time: 00:13:05

Health: -4/60      AC:  6    Str: 15    XL:     8   Next: 6%
Magic:  13/14      EV: 12    Int: 12    God:
Gold:   369        SH:  0    Dex: 14    Spells: 5/16 levels left

rFire   . . .        z - +3 glaive (heavy)
rCold   . . .        (shield currently unavailable)
rNeg    . . .        v - +0 robe
rPois   .            c - +0 helmet
rElec   .            (no cloak)
rCorr   .            (no gloves)
SInv    .            (no boots)
Will    .....        i - amulet of the acrobat
Stlth   +            (no ring)
HPRegen 0.30/turn    (no ring)
MPRegen 0.28/turn

%: acrobat
@: brilliant, slowed, very slow
A: icy blue scales 2, spiny 1, magic regeneration
a: no special abilities


You were in an ossuary.
You visited 1 branch of the dungeon, and saw 5 of its levels.
You also visited: Sewer and Ossuary.

You collected 369 gold pieces.

Inventory:

Hand Weapons
 a - a +0 flail
 z - a +3 heavy glaive (weapon)
Missiles
 d - 2 throwing nets
 e - a javelin
Armour
 b - a +0 leather armour
 c - a +0 helmet (worn)
 v - a +0 robe (worn)
Jewellery
 i - an amulet of the acrobat (around neck)
 p - an amulet of guardian spirit
Talismans
 o - a talisman of death
Wands
 q - a wand of flame (24)
Scrolls
 f - 5 scrolls of teleportation
 j - a scroll of amnesia
 m - 2 scrolls of immolation
 n - 2 scrolls of butterflies
 r - 3 scrolls of identify
 s - 2 scrolls of revelation
 u - 2 scrolls of poison {unknown}
 w - a scroll of enchant armour {unknown}
 x - 2 scrolls of vulnerability {unknown}
 y - a scroll of fog {unknown}
Potions
 g - 4 potions of curing
 h - 4 potions of brilliance
 k - 4 potions of heal wounds {unknown}
 l - a potion of mutation {unknown}
 t - 2 potions of might {unknown}
 A - a potion of invisibility {unknown}
 B - 4 potions of enlightenment
 C - a potion of ambrosia {unknown}


   Skills:
 - Level 4.0 Fighting
 - Level 2.6 Maces & Flails
 - Level 1.7 Throwing
 - Level 2.6 Dodging
 + Level 4.6 Spellcasting
 - Level 3.4 Translocations
 - Level 5.0 Earth Magic


You had 5 spell levels left.
You knew the following spells:

 Your Spells              Type           Power      Damage    Failure   Level
a - Apportation           Tloc           32%        N/A       4%          1
b - Blink                 Tloc           32%        N/A       8%          2
c - Momentum Strike       Conj/Tloc      20%        3d8       16%         2
d - Lesser Beckoning      Tloc           32%        N/A       8%          2
e - Sandblast             Erth           44%        2d11      2%          1
f - Stone Arrow           Conj/Erth      26%        3d8       22%         3

Your spell library contained the following spells:

 Spells                   Type           Power      Damage    Failure   Level
 Passwall                 Tmut/Erth      10%        N/A       12%         2
 Necrotise                Necr           16%        1d4       22%         1
 Summon Small Mammal      Summ           16%        N/A       22%         1
 Volatile Blastmotes      Fire/Tloc      20%        2d11      30%         3
 Cigotuvi's Dreadful Rot  Necr/Pois/Air  8%         N/A       32%         2
 Static Discharge         Conj/Air       8%         3-4/arc   32%         2
 Brom's Barrelling Bould  Conj/Erth      13%        2d4       58%         4
 Iskenderun's Mystic Bla  Conj/Tloc      10%        2d4       71%         4
 Airstrike                Air            2%         2d(1-17)  91%         4
 Dispel Undead            Necr           4%         3d7       91%         4
 Fulminant Prism          Conj/Hex       2%         3d5       91%         4
 Summon Lightning Spire   Summ/Air       4%         N/A       91%         4
 Death Channel            Necr           2%         N/A       100%        6


Dungeon Overview and Level Annotations

Branches:
Dungeon (5/15)              Sewer (visited)         Ossuary (1/1)
 Temple: D:4-7

Altars:
Hepliaklqana
Ru
Xom

Shops:
D:1 [

Annotations:
D:3 1 transporter, Hubris850's ghost, amateur GnCA


Innate Abilities, Weirdness & Mutations

You are mostly covered in icy blue scales. (AC +3)
You are partially covered in sharp spines.
You regenerate magic rapidly.


Message History

The wraith is moderately damaged.
The wraith is struck by your spines. The wraith barely misses you.
The wraith hits you.
You hit the wraith but do no damage.
The wraith is moderately damaged.
You feel yourself speed up. The wraith hits you! The wraith hits you.
The wraith drains your vigour!
You feel yourself slow down. The wraith hits you!
* * * LOW HITPOINT WARNING * * *
The wraith hits you!
* * * LOW HITPOINT WARNING * * *
It was a potion of curing.
You feel better. The wraith barely misses you.
It was a potion of brilliance.
You feel clever all of a sudden. The wraith hits you.
* * * LOW HITPOINT WARNING * * *
The wraith is struck by your spines. The wraith hits you.
* * * LOW HITPOINT WARNING * * *
You feel better. The wraith hits you but does no damage.
Aiming: Sandblast (safe; 2% risk of failure)
Press: ? - help, Q - select action, (/) - cycle Shift-Dir - straight line, f/p - wraith
Aim: a wraith (moderately damaged, 83% to hit)
You feel a surge of power!
The blast of sand hits the wraith but does no damage.
The wraith is moderately damaged.
The wraith hits you but does no damage. The wraith is struck by your spines.
The wraith hits you!
* * * LOW HITPOINT WARNING * * *
Aiming: Sandblast (safe; 2% risk of failure)
Press: ? - help, Q - select action, (/) - cycle Shift-Dir - straight line, f/p - wraith
Aim: a wraith (heavily damaged, 83% to hit)
You feel a surge of power!
The blast of sand hits the wraith but does no damage.
The wraith is heavily damaged.
The wraith misses you. The wraith hits you.
* * * LOW HITPOINT WARNING * * *
The wraith drains your vigour!
You feel as though you will be slow longer.
The wraith is struck by your spines. The wraith hits you!
You die...

#.............#
#.###.....###.#
#.#z#.....#z#.#
#.###.....###.#
#.............#
#.............#
#.###.###.###.#
#.# #.# #.#.#.#
#.+##.###.##W@#
#.............#
#######'#######
#.# ###.###
#z▓.▓W# ###.###
#.# #'#


You could see a wraith.

Vanquished Creatures
  A wraith (Ossuary)
  A water moccasin (D:5)
  An ogre (D:5)
  An elf zombie (D:5)
  A wight (Ossuary)
  A howler monkey (D:5)
  A human zombie (D:5)
  2 hounds
  An orc priest (D:5)
  A sleepcap (D:5)
  An iguana (D:5)
  A sickly merfolk siren (Sewer)
  An orc wizard (D:5)
  A malarious merfolk avatar (Sewer)
  4 gnolls (D:5)
  3 river rats (Sewer)
  14 adders
  2 ufetubi (D:5)
  2 adder zombies (Ossuary)
  5 worms
  2 dart slugs (D:1)
  4 orcs
  9 ball pythons
  10 endoplasms
  3 giant cockroaches
  7 goblins
  10 hobgoblins
  3 jackals (D:5)
  6 kobolds
  5 quokkas
  2 ball python skeletons (Ossuary)
  4 bats
  8 frilled lizards
  2 hobgoblin skeletons (Ossuary)
  An orc skeleton (Ossuary)
  3 orc zombies
  22 rats
146 creatures vanquished.

Notes
Turn   | Place    | Note
-------+----------+-------------------------------------------
     0 | D:1      | horus123 the Demonspawn Gladiator began the quest for the
                  | Orb.
     0 | D:1      | Reached XP level 1. HP: 16/16 MP: 1/1
   145 | D:1      | Gained mutation: You are partially covered in icy blue
                  | scales. (AC +2) [demonic ancestry]
   145 | D:1      | Reached XP level 2. HP: 23/23 MP: 2/2
   311 | D:1      | Reached XP level 3. HP: 29/29 MP: 3/3
   518 | D:1      | Found Haets's Armour Emporium.
   770 | D:2      | Learned a level 1 spell: Apportation
   808 | D:2      | Reached skill level 1 in Spellcasting
   902 | D:2      | Gained mutation: You are partially covered in sharp spines.
                  | [demonic ancestry]
   902 | D:2      | Reached XP level 4. HP: 37/37 MP: 5/5
  1260 | D:3      | Noticed Hubris850's ghost (amateur GnCA)
  1261 | D:3      | Found a transporter.
  1729 | D:3      | Gained mutation: You are mostly covered in icy blue scales.
                  | (AC +3) [demonic ancestry]
  1729 | D:3      | Reached XP level 5. HP: 37/42 MP: 9/9
  1733 | D:3      | Learned a level 2 spell: Blink
  1767 | D:3      | Learned a level 2 spell: Momentum Strike
  1770 | D:3      | Learned a level 2 spell: Lesser Beckoning
  1781 | D:3      | Found a hazy altar of Hepliaklqana.
  2267 | D:4      | Found a glowing drain.
  2272 | D:4      | Reached skill level 1 in Translocations
  2353 | Sewer    | Entered a sewer
  2533 | Sewer    | Reached XP level 6. HP: 44/48 MP: 10/10
  2935 | D:4      | Learned a level 1 spell: Sandblast
  2956 | D:4      | Found a shimmering altar of Xom.
  3168 | D:5      | Entered Level 5 of the Dungeon
  3175 | D:5      | Reached skill level 1 in Earth Magic
  3294 | D:5      | Reached skill level 2 in Earth Magic
  3360 | D:5      | Reached skill level 3 in Earth Magic
  3360 | D:5      | Gained mutation: You regenerate magic rapidly. [demonic
                  | ancestry]
  3360 | D:5      | Reached XP level 7. HP: 44/54 MP: 7/11
  3449 | D:5      | Reached skill level 4 in Earth Magic
  3616 | D:5      | Learned a level 3 spell: Stone Arrow
  3644 | D:5      | Found a sacrificial altar of Ru.
  3719 | D:5      | Reached skill level 5 in Earth Magic
  3733 | D:5      | Found a sand-covered staircase.
  3742 | Ossuary  | Entered an ossuary
  3826 | Ossuary  | Noticed a flying skull
  3826 | Ossuary  | Noticed a wraith
  3839 | Ossuary  | Noticed a flying skull
  3839 | Ossuary  | Noticed a flying skull
  3860 | Ossuary  | Noticed a flying skull
  3896 | Ossuary  | Noticed a wraith
  3901 | Ossuary  | Killed a wraith
  3902 | Ossuary  | Reached XP level 8. HP: 53/60 MP: 11/14
  3941 | Ossuary  | Slain by a wraith

Illustrated notes

Levels and vault maps discovered:
D:1:      lemuel_arrival_muddy, layout_loops_ring, serial_shops,
          nicolae_shop_just_a_little_nook, minmay_tromino_i2
D:2:      layout_rooms, ebering_dispersal_statue_hall
D:3:      layout_basic, nzn_hepliaklqana_mist_gate, gammafunk_ghost_smash,
          nicolae_hexahallways, serial_bayou_pond_a, serial_park_tiny_pond
D:4:      layout_cave_pods, kennysheep_little_box,
          cheibrodos_sewer_entry_sluice, nicolae_the_louvre
D:5:      layout_rooms, yredelemnul_forgotten_temple_becter,
          mainiacjoe_overflow_six_doors_small, nicolae_ossuary_entry_catacombs,
          chequers_decorated_corner, dk_rats_in_the_wall
Ossuary:  ossuary_due_cavern

Skill      XL: |  1  2  3  4  5  6  7 |
---------------+----------------------+-----
Fighting       | 3 4 |  4.0
Spellcasting   | 1 2 3 4 |  4.6
Translocations | 2 3 |  3.4
Earth Magic    | 3 5 |  5.0
Maces & Flails | |  2.6
Throwing       | |  1.7
Dodging        | |  2.6

Action                     |  1- 3 |  4- 6 |  7- 9 || total
---------------------------+-------+-------+-------++-------
  Melee: Flail             |   110 |    41 |       ||   151
         Punch             |     1 |       |       ||     1
         Glaive            |       |    86 |    37 ||   123
  Throw: Throwing net      |       |     3 |       ||     3
   Cast: Sandblast         |       |     3 |    30 ||    33
    Use: Scroll            |       |     7 |       ||     7
         Potion            |       |       |     3 ||     3
   Stab: Sleeping          |     1 |     3 |     5 ||     9
         Held in net/web   |       |     1 |       ||     1
         Distracted        |       |       |     1 ||     1
 Armour: Leather armour    |    84 |     6 |       ||    90
         Robe              |       |    86 |    56 ||   142
  Dodge: Dodged            |    87 |   115 |    53 ||   255

Table legend: (Time is in decaauts)
 A = Elapsed time spent in this place.
 B = Non-inter-level travel time spent in this place.
 C = Inter-level travel time spent in this place.
 D = Time resting spent in this place.
 E = Time spent auto-exploring this place.
 F = Levels seen in this place.
 G = Mean time per level.
                   A        B        C        D        E       F      G
               +--------+--------+--------+--------+--------+-----+--------+
         Total |   4231 |   4143 |     88 |    174 |   2841 |   7 |  604.4 |
       Dungeon |   3654 |   3566 |     88 |    174 |   2550 |   5 |  730.8 |
         Sewer |    330 |    330 |      0 |      0 |    127 |   1 |  330.0 |
       Ossuary |    246 |    246 |      0 |      0 |    164 |   1 |  246.0 |
               +--------+--------+--------+--------+--------+-----+--------+

Top non-repeatable levels by time:
     D:3: 940 daAuts
     D:4: 789 daAuts
     D:1: 757 daAuts
     D:5: 637 daAuts
     D:2: 530 daAuts
   Sewer: 330 daAuts
 Ossuary: 246 daAuts
